 Dungeon Crawl Stone Soup version 0.30-a0-591-g3c58d2bc28 (webtiles) character file.

Game seed: 1796695335475056713

9905 Newt the Nimble (level 11, -4/79 HPs)
             Began as a Demonspawn Gladiator on Jan 4, 2023.
             Was an Elder of Hepliaklqana.
             Slain by an ice devil (17 damage)
             ... in a Gauntlet.
             The game lasted 00:17:54 (10081 turns).

Newt the Nimble (Demonspawn Gladiator)             Turns: 10081, Time: 00:17:55

Health: -4/79      AC: 10    Str: 33    XL:     11   Next: 29%
Magic:  14/14      EV: 17    Int:  9    God:    Hepliaklqana [****..]
Gold:   1312       SH: 13    Dex: 16    Spells: 10/10 levels left

rFire   . . .      SeeInvis +    g - +1 dagger (venom)
rCold   . . .      Faith    .    j - +3 buckler
rNeg    . . .      Spirit   .    o - +1 robe of Theory {Str+9 Stlth+}
rPois   .          Reflect  +    (helmet restricted)
rElec   .          Harm     .    i - +1 cloak
rCorr   .          Rampage  .    u - +2 pair of gloves
Will    .....      NoTele   +    T - +0 pair of boots
Stlth   +++++                    E - amulet of reflection
HPRegen 0.33/turn                I - +6 ring of strength
MPRegen 0.14/turn                F - ring of see invisible

@: mighty
A: reduced essence, horns 2, rugged brown scales 1, spiny 2
a: Renounce Religion, Recall Ancestor, Ancestor Identity, Transference, Idealise


You were in a Gauntlet.
You worshipped Hepliaklqana.
Hepliaklqana was greatly pleased with you.
You visited 2 branches of the dungeon, and saw 10 of its levels.
You also visited: Sewer, Bailey and Gauntlet.

You collected 1332 gold pieces.
You spent 20 gold pieces at shops.

Inventory:

Hand Weapons
 a - a +0 rapier
 g - a +1 dagger of venom (weapon)
 p - a +1 dagger of speed
 v - a +4 halberd
 C - a +1 scimitar of flaming
 M - a +3 glaive
 N - a +3 vampiric lajatang
 U - a +2 short sword of freezing
Missiles
 d - 10 throwing nets (quivered)
 L - a javelin
Armour
 b - a +0 leather armour
 c - a +0 helmet
 i - a +1 cloak (worn)
 j - a +3 buckler (worn)
 n - a +0 pair of gloves
 o - the +1 robe of Theory (worn) {Str+9 Stlth+}
   (You found it on level 3 of the Dungeon)

   Str:       It affects your strength (+9).
   Stlth:     It makes you more stealthy.
 u - a +2 pair of gloves (worn)
 D - +0 acid dragon scales
 T - a +0 pair of boots (worn)
Jewellery
 s - a ring of poison resistance
 E - an amulet of reflection (around neck)
 F - a ring of see invisible (right hand)
 I - a +6 ring of strength (left hand)
Wands
 J - a wand of light (15)
 P - a wand of flame (21)
 Q - a wand of digging (2)
Scrolls
 h - 4 scrolls of teleportation
 m - 2 scrolls of enchant armour
 q - 5 scrolls of identify
 r - a scroll of fear
 w - 4 scrolls of enchant weapon
 x - 2 scrolls of silence
 y - 2 scrolls of noise
 K - a scroll of brand weapon
 R - a scroll of torment
Potions
 e - 3 potions of lignification
 f - a potion of attraction
 k - 2 potions of flight
 l - a potion of berserk rage
 t - a potion of ambrosia
 z - a potion of mutation
 A - a potion of might
 B - 3 potions of heal wounds
 G - a potion of resistance
 H - a potion of curing
 S - a potion of degeneration
Miscellaneous
 O - a phantom mirror


   Skills:
 - Level 8.0 Fighting
 + Level 6.5 Short Blades
 - Level 1.7 Throwing
 - Level 10.0 Dodging
 - Level 8.0 Stealth
 - Level 5.0 Shields
 - Level 5.0 Invocations


You had 10 spell levels left.
You didn't know any spells.
Your spell library contained the following spells:

 Spells                   Type           Power      Damage    Failure   Level
 Sandblast                Erth           0%         2d4       45%         1
 Slow                     Hex            0%         N/A       45%         1
 Passwall                 Tmut/Erth      0%         N/A       61%         2
 Confusing Touch          Hex            0%         N/A       83%         3
 Stone Arrow              Conj/Erth      0%         3d7       83%         3
 Vampiric Draining        Necr           0%         2d6       83%         3
 Leda's Liquefaction      Hex/Erth       0%         N/A       99%         4
 Lee's Rapid Deconstruct  Erth           0%         3d4*      100%        5
 Statue Form              Tmut/Erth      0%         N/A       100%        6


Dungeon Overview and Level Annotations

Branches:
Dungeon (9/15)             Temple (0/1) D:4            Lair (1/5) D:9
  Sewer (visited)          Bailey (visited)         Gauntlet (1/1)
    Orc: D:9-12

Altars:
Cheibriados
Dithmenos
Hepliaklqana
Kikubaaqudgha
Makhleb
Nemelex Xobeh
Okawaru
Qazlal
Ru
Uskayaw
Wu Jian

Shops:
D:5 *

Annotations:
Gauntlet 9 transporters


Innate Abilities, Weirdness & Mutations

Your life essence is reduced to manifest your ancestor. (-10% HP)
You have a pair of horns on your head.
You are partially covered in rugged brown scales. (AC +1, +3% HP)
You are mostly covered in sharp spines.


Message History

Servia hits the blizzard demon with a +0 dagger of draining.
Servia hits the blizzard demon but does no damage.
The blizzard demon barely misses you.
The blizzard demon hits you but does no damage.
You block the ice devil's attack.
You puncture the blizzard demon!
The blizzard demon is almost dead.
Servia hits the blizzard demon but does no damage.
You barely miss the blizzard demon. You headbutt the blizzard demon!
You kill the blizzard demon!
The ice devil hits you! The ice devil freezes you!!
You block the white imp's attack.
Servia hits the ice devil with a +0 dagger of draining.
Training target 8.0 for Stealth reached!
Your Stealth skill increases to level 8!
You need to enable at least one skill for training.
Unknown command.
You hit the ice devil.
The ice devil is heavily wounded.
Servia hits the ice devil with a +0 dagger of draining.
Servia misses the ice devil.
You block the white imp's attack.
The ice devil hits Servia!
The ice devil freezes Servia.
Servia resists.
You hit the ice devil but do no damage.
The ice devil is heavily wounded.
Servia hits the ice devil but does no damage.
You hit the ice devil but do no damage.
The ice devil is poisoned.
The ice devil is heavily wounded.
You block the white imp's attack.
Servia hits the ice devil but does no damage.
The ice devil hits Servia!
The ice devil freezes Servia!
Servia resists.
Servia is destroyed!
You hit the ice devil but do no damage. Your headbutt misses the ice devil.
The ice devil is heavily wounded.
The white imp barely misses you. The ice devil is struck by your spines.
The ice devil hits you!
* * * LOW HITPOINT WARNING * * *
The ice devil freezes you!
You die...

#################################
.................................
.................................
#######...###########...#########
......#.8.#.........#.8.#54..≈4..
#.....#...#..##.##..#...#2≈≈.≈≈.≈
#....######.##...##)#####.^≈≈..≈.
.#.##.#...#.#....5#"#...#.^..≈≈^≈
###..©#©.©#....4@..©#©.©#.≈≈.©≈..
©#....#...#.#.....#.#...#≈.≈.≈≈^.
..#...#####.##...##[#####≈..≈..≈.
..#...#...#..##.##.4#...#.≈≈..≈≈≈
...#..#...#.......52#...#...≈≈..^
#######...###########...#########
........≈.............≈..........
.......§8§...........≈8≈.........
........≈.............≈..........


You could see an ice devil (poisoned) and a white imp.

Vanquished Creatures
  A blizzard demon (Gauntlet)
  2 hornets (Gauntlet)
  Sigmund (D:6)
  8 yaks
  A steam dragon (D:8)
  2 wargs (D:9)
  An acid dragon (D:8)
  An orc warrior (D:9)
  3 black bears
  2 sky beasts
  3 ogres (D:5)
  4 centaurs
  2 wolves (Bailey)
  2 lemures (D:9)
  2 phantoms
  A kobold brigand (D:8)
  3 bullfrogs
  7 gnoll sergeants (Bailey)
  A necrophage (D:5)
  A scorpion (D:6)
  A wight (D:7)
  7 killer bees (D:9)
  3 howler monkeys
  5 hounds
  2 jellies
  2 orc priests
  8 gnoll boudas
  4 iguanas
  8 orc wizards
  A hexer (Bailey)
  22 gnolls
  A river rat (Sewer)
  6 adders
  2 shadow imps
  A white imp (D:7)
  An ufetubus (D:3)
  7 dart slugs
  24 orcs
  5 endoplasms
  5 giant cockroaches
  10 goblins
  10 hobgoblins
  7 jackals
  13 kobolds
  8 quokkas
  15 ball pythons
  5 bats
  3 frilled lizards
  7 rats
241 creatures vanquished.

Vanquished Creatures (collateral kills)
  Pikel (D:9)
  Maggie (D:6)
  A wraith (D:9)
  6 yaks
  A steam dragon (D:7)
  An ice beast (D:7)
  A sky beast (D:7)
  2 wolves (Bailey)
  A lemure (D:9)
  A phantom (D:5)
  A kobold brigand (D:9)
  A bullfrog (D:7)
  2 necrophages
  A gnoll sergeant (Bailey)
  3 killer bees (D:9)
  A howler monkey (D:9)
  A gnoll bouda (D:4)
  2 hounds (Bailey)
  2 jellies (Sewer)
  An iguana (D:7)
  An orc wizard (D:8)
  5 gnolls
  2 river rats
  A white imp (Gauntlet)
  2 worms (Sewer)
  3 orcs
  2 ball pythons (Sewer)
  4 endoplasms (Sewer)
  3 kobolds
  3 rats
57 creatures vanquished.

Vanquished Creatures (others)
  A human (D:7)
  A hexer (Gauntlet)
  4 ancestors
6 creatures vanquished.

Grand Total: 304 creatures vanquished

Notes
Turn   | Place    | Note
-------+----------+-------------------------------------------
     0 | D:1      | Newt the Demonspawn Gladiator began the quest for the Orb.
     0 | D:1      | Reached XP level 1. HP: 16/16 MP: 1/1
    47 | D:1      | Reached skill level 1 in Stealth
    96 | D:1      | Gained mutation: You are partially covered in sharp spines.
                  | [demonic ancestry]
    96 | D:1      | Reached XP level 2. HP: 15/22 MP: 2/2
   366 | D:1      | Reached XP level 3. HP: 28/28 MP: 3/3
  1150 | D:3      | Identified the +1 robe of Theory {Str+9 Stlth+}
  1317 | D:3      | Gained mutation: You are partially covered in rugged brown
                  | scales. (AC +1, +3% HP) [demonic ancestry]
  1317 | D:3      | Reached XP level 4. HP: 29/36 MP: 4/4
  1351 | D:3      | Found a hazy altar of Hepliaklqana.
  1366 | D:3      | Became a worshipper of Hepliaklqana the Forgotten
  1807 | D:3      | Reached * piety under Hepliaklqana
  2143 | D:4      | Gained mutation: You have a pair of small horns on your
                  | head. [demonic ancestry]
  2143 | D:4      | Reached XP level 5. HP: 38/38 MP: 5/5
  2154 | D:4      | Reached skill level 1 in Shields
  2281 | D:4      | Found a staircase to the Ecumenical Temple.
  2358 | D:4      | Noticed a black bear
  2364 | D:4      | Killed a black bear
  2365 | D:4      | Reached skill level 3 in Dodging
  2365 | D:4      | Reached XP level 6. HP: 43/43 MP: 6/6
  3070 | D:4      | Found a snail-covered altar of Cheibriados.
  3070 | D:4      | Found a stormy altar of Qazlal.
  3078 | D:4      | Found an ornate altar of the Wu Jian Council.
  3081 | D:4      | Found an iron altar of Okawaru.
  3083 | D:4      | Found a sacrificial altar of Ru.
  3228 | D:5      | Entered Level 5 of the Dungeon
  3236 | D:5      | Reached skill level 4 in Dodging
  3482 | D:5      | Reached XP level 7. HP: 12/51 MP: 7/7
  3498 | D:5      | Found Seisusu's Specific Store.
  3499 | D:5      | Found Temeneeruol's General Store.
  3622 | D:5      | Bought a scroll of identify for 20 gold pieces
  3643 | D:5      | Reached ** piety under Hepliaklqana
  3644 | D:5      | Remembered your ancestor Servia as a hexer
  3678 | D:5      | Reached skill level 5 in Fighting
  3889 | D:5      | Found a glowing drain.
  3904 | Sewer    | Entered a sewer
  4033 | Sewer    | Found a viscous altar of Jiyva.
  4233 | D:5      | Reached skill level 5 in Shields
  4241 | D:5      | Reached skill level 1 in Invocations
  4284 | D:5      | Reached XP level 8. HP: 57/57 MP: 7/10
  4503 | D:5      | Found a sparkling altar of Nemelex Xobeh.
  4571 | D:5      | Reached skill level 5 in Dodging
  4849 | D:6      | Noticed Maggie
  4863 | D:6      | Killed Maggie
  4864 | D:6      | Reached skill level 6 in Dodging
  4864 | D:6      | Reached skill level 5 in Short Blades
  5193 | D:6      | Noticed Sigmund
  5208 | D:6      | Killed Sigmund
  5390 | D:6      | Gained mutation: You have a pair of horns on your head.
                  | [demonic ancestry]
  5390 | D:6      | Reached XP level 9. HP: 53/63 MP: 11/11
  5780 | D:7      | Found a burning altar of Makhleb.
  5867 | D:7      | Reached skill level 5 in Stealth
  6033 | D:7      | Reached skill level 5 in Invocations
  6183 | D:7      | Reached *** piety under Hepliaklqana
  6207 | D:7      | Found a hide-covered altar of Uskayaw.
  6380 | D:7      | Found an ancient bone altar of Kikubaaqudgha.
  6387 | D:7      | Reached skill level 7 in Dodging
  6440 | D:7      | Found a shadowy altar of Dithmenos.
  6552 | D:8      | Found a flagged portal.
  6659 | Bailey   | Entered a bailey
  6899 | Bailey   | Reached skill level 8 in Dodging
  7140 | Bailey   | Gained mutation: You are mostly covered in sharp spines.
                  | [demonic ancestry]
  7140 | Bailey   | Reached XP level 10. HP: 63/68 MP: 13/13
  7379 | Bailey   | Reached skill level 9 in Dodging
  7392 | Bailey   | Identified the +2 helmet of the Arena {Contam Harm Will+
                  | Stlth+}
  8495 | D:8      | Reached skill level 10 in Dodging
  8654 | D:9      | Found a staircase to the Lair.
  9129 | D:9      | Reached XP level 11. HP: 28/79 MP: 12/14
  9259 | D:9      | Noticed Pikel
  9272 | D:9      | Killed Pikel
  9363 | D:9      | Reached **** piety under Hepliaklqana
  9691 | Lair:1   | Entered Level 1 of the Lair of Beasts
  9705 | Lair:1   | Found a gate leading to a gauntlet.
  9717 | Gauntlet | Entered a Gauntlet
  9717 | Gauntlet | Found a transporter.
  9717 | Gauntlet | Found a transporter.
  9733 | Gauntlet | Found a transporter.
  9737 | Gauntlet | Found a transporter.
  9741 | Gauntlet | Noticed a catoblepas
  9747 | Gauntlet | Found a transporter.
  9751 | Gauntlet | Found a transporter.
  9761 | Gauntlet | Found a transporter.
  9782 | Gauntlet | Found a transporter.
  9784 | Gauntlet | Noticed a blizzard demon
  9799 | Gauntlet | Found a transporter.
  9803 | Gauntlet | Found a transporter.
  9813 | Gauntlet | Found a transporter.
  9817 | Gauntlet | Found a transporter.
  9817 | Gauntlet | Noticed a blizzard demon
 10077 | Gauntlet | Killed a blizzard demon
 10081 | Gauntlet | Slain by an ice devil

Illustrated notes

Levels and vault maps discovered:
D:1:      dpeg_arrival_ternary, layout_basic
D:2:      layout_basic
D:3:      layout_loops_corners, nicolae_overflow_crystal_walls,
          hangedman_feature_mirror
D:4:      layout_rooms, chequers_temple_overflow_minitemple, temple_pool_b,
          st_stairs_2
D:5:      layout_basic, marbit_many_paths, portal_sewer_entry_b,
          nicolae_specific_store
D:6:      layout_loops_corners, moated_statue, minmay_misc_feat_square,
          kennysheep_generic_room_14, uniq_sigmund, uniq_maggie
D:7:      layout_rooms, mainiacjoe_overflow_paths,
          nicolae_overflow_hidden_temple, mainiacjoe_overflow_catwalk,
          mainiacjoe_overflow_brackets, tgw_kikubaaqudgha, minmay_starry_boxes
D:8:      kennysheep_blocky_hall, layout_basic, enter_bailey_8,
          fungi_pond_lemuel
D:9:      layout_rooms, mainiacjoe_overflow_small_starburst,
          erik_lair_orcish_takeover, uniq_pikel
Lair:1:   layout_misc_corridors, gauntlet_entry_generic,
          infiniplex_staircase_pool_2, uniq_joseph, uniq_harold
Gauntlet: gammafunk_gauntlet_hard_choice [nicolae_gauntlet_arena_x,
          nicolae_gauntlet_swirl, gammafunk_gauntlet_arena_grid,
          gammafunk_gauntlet_arena_split_diamond,
          gammafunk_gauntlet_arena_crates, nicolae_gauntlet_arena_flowing_pool,
          gauntlet_exit_green]

Skill      XL: |  1  2  3  4  5  6  7  8  9 10 11 |
---------------+----------------------------------+-----
Stealth        | 1 2 3 5 6 8 |  8.0
Fighting       | 3 4 5 8 |  8.0
Short Blades   | 3 4 6 |  6.5
Shields        | 3 5 |  5.0
Dodging        | 3 4 6 8 10 | 10.0
Invocations    | 3 5 |  5.0
Throwing       | |  1.7

Action                   |  1- 3 |  4- 6 |  7- 9 | 10-12 || total
-------------------------+-------+-------+-------+-------++-------
Melee: Rapier            |    16 |       |       |       ||    16
       Dagger            |    71 |   104 |   321 |   271 ||   767
       Headbutt          |       |    16 |    70 |    59 ||   145
Throw: Throwing net      |       |     3 |       |       ||     3
       Javelin           |       |     1 |     1 |       ||     2
Invok: Ancestor Life: He |       |       |     1 |       ||     1
       Recall Ancestor   |       |       |       |     1 ||     1
Evoke: Wand              |       |       |     1 |       ||     1
  Use: Scroll            |     6 |     2 |    10 |     2 ||    20
       Potion            |       |     4 |       |     1 ||     5
 Stab: Sleeping          |     3 |    21 |    12 |     1 ||    37
       Held in net/web   |       |     2 |       |       ||     2
       Confused          |       |       |     7 |    10 ||    17
       Distracted        |       |       |     4 |     3 ||     7
       Invisible         |       |       |     2 |       ||     2
Armor: Leather armour    |    21 |       |       |       ||    21
       Robe              |       |    14 |    28 |    28 ||    70
Dodge: Dodged            |    32 |    29 |   124 |   112 ||   297
Block: Buckler           |    10 |    26 |   138 |   134 ||   308
       Reflection        |       |       |     7 |     2 ||     9

Table legend: (Time is in decaauts)
 A = Elapsed time spent in this place.
 B = Non-inter-level travel time spent in this place.
 C = Inter-level travel time spent in this place.
 D = Time resting spent in this place.
 E = Time spent auto-exploring this place.
 F = Levels seen in this place.
 G = Mean time per level.
                   A        B        C        D        E       F      G
               +--------+--------+--------+--------+--------+-----+--------+
         Total |   9939 |   9403 |    536 |   1387 |   5806 |  13 |  764.5 |
       Dungeon |   8242 |   7706 |    536 |    820 |   5177 |   9 |  915.8 |
          Lair |     25 |     25 |      0 |      0 |     16 |   1 |   25.0 |
         Sewer |    291 |    291 |      0 |     17 |    137 |   1 |  291.0 |
        Bailey |   1021 |   1021 |      0 |    486 |    333 |   1 | 1021.0 |
      Gauntlet |    358 |    358 |      0 |     64 |    143 |   1 |  358.0 |
               +--------+--------+--------+--------+--------+-----+--------+

Top non-repeatable levels by time:
     D:5: 1246 daAuts
     D:4: 1129 daAuts
     D:8: 1033 daAuts
  Bailey: 1021 daAuts
     D:6: 1002 daAuts
     D:9: 997 daAuts
     D:3: 953 daAuts
     D:7: 751 daAuts
     D:1: 715 daAuts
     D:2: 412 daAuts
Gauntlet: 358 daAuts
   Sewer: 291 daAuts
  Lair:1: 25 daAuts
